 Dungeon Crawl Stone Soup version 0.25-a0-251-g572059c536 (webtiles) character file.

Game seed: 2644564609181637921, levelgen mode: classic

77 Borgoz the Shield-Bearer (level 4, -4/46 HPs)
             Began as a Halfling Fighter on Dec 4, 2019.
             Slain by Sigmund
             ... wielding a +0 scythe
              (7 damage)
             ... on level 2 of the Dungeon.
             The game lasted 00:02:09 (1396 turns).

Borgoz the Shield-Bearer (Halfling Fighter)         Turns: 1396, Time: 00:02:09

Health: -4/46      AC:  9    Str: 22    XL:     4   Next: 60%
Magic:  4/4        EV:  9    Int:  6    God:
Gold:   140        SH: 10    Dex: 14    Spells: 3/3 levels left

rFire    . . .     SeeInvis .   a - +0 rapier
rCold    + . .     Gourm    .   c - +0 shield
rNeg     . . .     Faith    .   o - +0 scale mail {rC+}
rPois    .         Spirit   .   (no helmet)
rElec    .         Reflect  .   e - +0 cloak
rCorr    .         Harm     .   (no gloves)
MR       .....                  g - +0 pair of boots
Stlth    ..........             (no amulet)
HPRegen  0.15/turn              (no ring)
MPRegen  0.09/turn              (no ring)

@: mighty, berserking, very quick
A: small, mutation resistance 1
a: no special abilities


You were on level 2 of the Dungeon.
You were not hungry.

You visited 1 branch of the dungeon, and saw 2 of its levels.

You collected 140 gold pieces.

Inventory:

Hand Weapons
 a - a +0 rapier (weapon)
Armour
 c - a +0 shield (worn)
 e - a +0 cloak (worn)
 g - a +0 pair of boots (worn)
 o - a +0 scale mail of cold resistance (worn)
Scrolls
 h - a scroll of teleportation
 j - 2 scrolls of identify {unknown}
 q - a scroll of fog {unknown}
 r - a scroll of immolation {unknown}
Potions
 b - a potion of heal wounds {unknown}
 d - a potion of might
 i - a potion of brilliance {unknown}
 k - a potion of curing
 l - 2 potions of experience {unknown}
 m - a potion of magic {unknown}
 p - a potion of berserk rage
Comestibles
 f - 6 rations
 n - 3 chunks of flesh


   Skills:
 + Level 3.2 Fighting
 + Level 3.3 Short Blades
 + Level 3.9 Armour
 + Level 3.9 Shields


You had 3 spell levels left.
You didn't know any spells.
Your spell library was empty.

Dungeon Overview and Level Annotations

Branches:
Dungeon (2/15)

Altars:

Annotations:
D:2 1 runed translucent door, Crazy Yiuf, Sigmund


Innate Abilities, Weirdness & Mutations

You are small and have problems with some larger weapons.
You are somewhat resistant to further mutation.


Message History

You puncture something!
You hear some strange, mumbled words.
A magic dart appears from out of thin air!
The magic dart hits you.
* * * LOW HITPOINT WARNING * * *
It was a potion of curing.
You feel better. Something hits you!
* * * LOW HITPOINT WARNING * * *
It was a potion of berserk rage.
A red film seems to cover your vision as you go berserk!
You feel yourself moving faster!
You feel mighty!
Your shield prevents you from hitting something.
Something hits you but does no damage.
Your shield prevents you from hitting something.
You miss something.
You hear some strange, mumbled words.
A magic dart appears from out of thin air!
The magic dart hits you but does no damage.
You closely miss something. You puncture something! Something hits you!
You die...

...# ##.#<.# ##.#
...###..#..# #+#
....##.##..# ...
...........# #...#
....#>..#.####### #..)#
....#...#.##....# #####
....#.#.#.#.....#
##..............########
#....#.........@{......
##..............[.......
....##############......
...#........ ......
............ ....#
............ ...##
....######## ###
........# ..รท.....###


There were no monsters in sight!

Vanquished Creatures
  Terence (D:2)
  An adder (D:2)
  A worm (D:2)
  3 dart slugs
  4 giant cockroaches
  6 hobgoblins
  A ball python (D:2)
  5 bats
  9 frilled lizards
  2 goblins
  6 rats
39 creatures vanquished.

Notes
Turn   | Place    | Note
-------+----------+-------------------------------------------
     0 | D:1      | Borgoz the Halfling Fighter began the quest for the Orb.
     0 | D:1      | Reached XP level 1. HP: 15/15 MP: 1/1
   207 | D:1      | Reached XP level 2. HP: 20/20 MP: 2/2
   590 | D:1      | Reached XP level 3. HP: 25/25 MP: 3/3
  1003 | D:2      | Noticed Terence
  1014 | D:2      | Killed Terence
  1014 | D:2      | Reached XP level 4. HP: 30/31 MP: 4/4
  1334 | D:2      | Found a runed translucent door.
  1335 | D:2      | Noticed Crazy Yiuf
  1376 | D:2      | Noticed Sigmund
  1390 | D:2      | HP: 1/31 [something (9)]
  1396 | D:2      | Slain by Sigmund

Levels and vault maps discovered:
D:1:      nicolae_arrival_washed_ashore, layout_basic, minmay_lizard_pond
D:2:      layout_rooms, lemuel_blue_sif_altar, gammafunk_temple_overflow_wave,
          uniq_sigmund, uniq_terence, uniq_crazy_yiuf_cottage

Skill      XL: |  1  2  3 |
---------------+----------+-----
Fighting       | 3 |  3.2
Short Blades   | 3 |  3.3
Armour         | |  3.9
Shields        | |  3.9

Action                   |  1- 3 |  4- 6 || total
-------------------------+-------+-------++-------
Melee: Rapier            |    95 |    78 ||   173
  Use: Scroll            |     2 |       ||     2
       Potion            |       |     3 ||     3
  Eat: Chunk             |       |     2 ||     2
Armor: Scale mail        |    39 |    24 ||    63
Dodge: Dodged            |    28 |    24 ||    52
Block: Shield            |    46 |    32 ||    78

Table legend:
 A = Non-vault XP
 B = Vault XP
 C = Vault XP percentage of total XP
 D = Non-vault monster count
 E = Vault monster count
 F = Vault count percentage of total count
                 A         B        C        D         E       F
            +---------+---------+-------+---------+---------+-------
      Total |      69 |      42 |  37.8 |      32 |       7 |  17.9
            +---------+---------+-------+---------+---------+-------
        D:1 |      29 |       6 |  17.1 |      17 |       6 |  26.1
        D:2 |      40 |      36 |  47.4 |      15 |       1 |   6.2
            +---------+---------+-------+---------+---------+-------
